 Dungeon Crawl Stone Soup version 0.31-a0-700-gf13585253f (webtiles) character file.

Game seed: 2797689046019514473

2207 LeprechaunX the Mimic (level 9, 0/54 HPs)
             Began as an Octopode Shapeshifter on Sept 7, 2023.
             Was a Follower of Hepliaklqana.
             Killed by divine providence
             ... invoked by an orc priest
              (14 damage)
             ... on level 7 of the Dungeon.
             The game lasted 00:12:32 (7465 turns).

LeprechaunX the Mimic (Octopode Shapeshifter)       Turns: 7465, Time: 00:12:33

Health: 0/54       AC:  1    Str: 16    XL:     9   Next: 34%
Magic:  9/9        EV: 14    Int: 10    God:    Hepliaklqana [*.....]
Gold:   392        SH:  0    Dex: 13    Spells: 8/8 levels left

rFire   + .          .
                       - Unarmed
rCold   + . .        (no shield)
rNeg    . . .        (helmet currently unavailable)
rPois   .            (no amulet)
rElec   .            B - ring "Roschahi" {rF+ rC+ Will++ Int-2 Stlth+}
rCorr   .            (no ring)
SInv    .            (no ring)
Will    ++...        (no ring)
Stlth   +++          (no ring)
HPRegen 0.29/turn    (no ring)
MPRegen 0.11/turn    (no ring)
                     (no ring)

%: no passive effects
@: beast-form
A: beast (slay +4), reduced essence, almost no armour, amphibious, 8 rings,
camouflage 1, gelatinous body 1, (nimble swimmer 1), tentacles
a: Begin Untransformation, Renounce Religion, Recall Ancestor, Ancestor Identity


You were on level 7 of the Dungeon.
You worshipped Hepliaklqana.
Hepliaklqana was aware of your devotion.
You were a hulking beast.
You visited 2 branches of the dungeon, and saw 8 of its levels.
You also visited: Ossuary.

You collected 392 gold pieces.

Inventory:

Hand Weapons
 a - a +3 shortbow
Missiles
 l - a throwing net
Jewellery
 B - the ring "Roschahi" (left tentacle) {rF+ rC+ Will++ Int-2 Stlth+}
   (You found it on level 5 of the Dungeon)

   [ring of protection from fire]

   Int-2:     It affects your intelligence (-2).
   rF+:       It protects you from fire.
   rC+:       It protects you from cold.
   Will++:    It greatly increases your willpower.
   Stlth+:    It makes you more stealthy.
Talismans
 b - a beast talisman (active)
 c - a flux talisman
 h - a maw talisman
 q - a serpent talisman
Wands
 r - a wand of flame (17) (quivered)
 y - a wand of polymorph (12)
Scrolls
 d - 3 scrolls of fog {unknown}
 e - 5 scrolls of identify {unknown}
 f - a scroll of silence {unknown}
 k - a scroll of brand weapon {unknown}
 m - 4 scrolls of acquirement {unknown}
 n - 3 scrolls of noise {unknown}
 s - a scroll of revelation {unknown}
 u - 6 scrolls of teleportation {unknown}
 w - 2 scrolls of immolation {unknown}
 x - a scroll of amnesia {unknown}
 z - 2 scrolls of summoning {unknown}
 A - 5 scrolls of poison
 C - 2 scrolls of vulnerability {unknown}
 D - a scroll of blinking {unknown}
 E - 2 scrolls of enchant armour {unknown}
Potions
 g - 5 potions of brilliance {unknown}
 i - 2 potions of lignification
 j - a potion of invisibility {unknown}
 o - 2 potions of heal wounds {unknown}
 p - 3 potions of haste {unknown}
 t - 2 potions of mutation {unknown}
 v - 2 potions of curing {unknown}
 F - a potion of cancellation {unknown}


   Skills:
 - Level 5.0 Fighting
 - Level 3.0 Ranged Weapons
 - Level 4.0 Dodging
 + Level 6.5 Unarmed Combat
 * Level 8.0 Shapeshifting


You had 8 spell levels left.
You didn't know any spells.
Your spell library contained the following spells:

 Spells                   Type           Power      Damage    Failure   Level
 Freeze                   Ice            0%         1d3       36%         1
 Magic Dart               Conj           0%         1d3       36%         1
 Necrotise                Necr           0%         1d4       36%         1
 Sandblast                Erth           0%         2d4       36%         1
 Call Imp                 Summ           0%         N/A       50%         2
 Cigotuvi's Dreadful Rot  Necr/Pois/Air  0%         N/A       50%         2
 Lesser Beckoning         Tloc           0%         N/A       50%         2
 Passwall                 Tmut/Erth      0%         N/A       50%         2
 Wereblood                Tmut           0%         N/A       50%         2
 Frozen Ramparts          Ice            0%         1d1       75%         3
 Gell's Gravitas          Tloc           0%         N/A       75%         3
 Hailstorm                Conj/Ice       0%         3d3       75%         3
 Ignite Poison            Fire/Tmut/Pois 0%         N/A       75%         3
 Mephitic Cloud           Conj/Pois/Air  0%         N/A       75%         3
 Stone Arrow              Conj/Erth      0%         3d7       75%         3
 Teleport Other           Tloc           0%         N/A       75%         3
 Vampiric Draining        Necr           0%         2d6       75%         3
 Agony                    Necr           0%         N/A       100%        5
 Freezing Cloud           Conj/Ice/Air   0%         6-21      100%        5
 Irradiate                Conj/Tmut      0%         3d11      100%        5


Dungeon Overview and Level Annotations

Branches:
Dungeon (7/15)             Temple (1/1) D:5         Ossuary (visited)

Altars:
Ashenzari
Cheibriados
Dithmenos
Elyvilon
Fedhas
Gozag
Hepliaklqana
Kikubaaqudgha
Makhleb
Nemelex Xobeh
Okawaru
Qazlal
Ru
Sif Muna
Trog
Uskayaw
Vehumet
Wu Jian
Xom
Yredelemnul
Zin
The Shining One

Shops:
D:3 [

Annotations:
D:2 1 runed translucent door, Crazy Yiuf


Innate Abilities, Weirdness & Mutations

You are a hulking beast.
Your limbs bulge with bestial killing power. (Slay +4)
Your life essence is reduced to manifest your ancestor. (-10% HP)
You cannot wear most types of armour.
You are amphibious.
You can wear up to eight rings at the same time.
Your skin changes colour to match your surroundings (Stealth+).
Your rubbery body absorbs attacks. (AC +1, EV +1)
((You are camouflaged when in or above water. (Stealth+)))
You have tentacles for arms and can constrict up to eight enemies at once.


Message History

The orc warrior hits you with a +0 mace!
You are now empty-tentacled.
Unknown command.
You tentacle-slap the orc warrior but do no damage.
Your grab misses the orc warrior.
The orc warrior is moderately wounded.
The orc warrior misses you.
You bludgeon the orc warrior! You grab the orc warrior.
You squeeze the orc warrior.
The orc warrior is almost dead.
You constrict the orc warrior.
The orc priest calls down the wrath of Beogh upon you.
Beogh smites you!
The orc warrior hits you with a +0 mace.
You bludgeon the orc warrior!
You kill the orc warrior!
Your Shapeshifting skill increases to level 8!
The ice beast attacks as it pursues you!
The ice beast closely misses you.
You see here a +0 leather armour.
The ice beast attacks as it pursues you!
The ice beast hits you but does no damage.
The orc attacks as it pursues you!
The orc hits you from afar with a +0 trident.
You tentacle-slap the ice beast.
The ice beast is moderately wounded.
You tentacle-slap the ice beast but do no damage.
The ice beast is moderately wounded.
The orc closely misses you. The ice beast barely misses you.
The orc priest mumbles some strange prayers to Beogh against you.
Beogh smites you!
* * * LOW HITPOINT WARNING * * *
Aiming: Throw Flame
Press: ? - help, Q - select action, (/) - cycle Shift-Dir - straight line, f - ice beast
Aim: an ice beast (moderately wounded, 68% to hit)
The puff of flame misses the ice beast.
The puff of flame hits the orc!
You kill the orc!
The orc priest calls down the wrath of Beogh upon you.
Beogh smites you!
You die...

#.#
#####
#.#
#.#
#.#
#.#
#.#
#.#
#.#
#h#
#Y#
#.#
#)#
#l#
#o#
#.#
#o#
#.#


You could see an ice beast, an iguana and 2 orc priests.

Vanquished Creatures
  Grinder (D:3)
  A steam dragon (D:6)
  Edmund (D:6)
  An orc warrior (D:7)
  2 ice beasts
  A centaur (D:4)
  3 bullfrogs
  3 scorpions
  2 wights (D:7)
  3 jellies
  4 orc priests
  3 hounds
  A sleepcap (D:6)
  Jessica (D:3)
  6 iguanas
  3 orc wizards
  A mummy (Ossuary)
  8 adders
  A white imp (D:5)
  2 ufetubi
  4 worms
  3 dart slugs
  21 orcs
  3 spectral bats (Ossuary)
  6 ball pythons
  3 bat simulacra (Ossuary)
  13 endoplasms
  5 giant cockroaches
  12 gnoll zombies (Ossuary)
  4 hobgoblins
  3 jackals (D:3)
  A quokka (D:1)
  2 bats (D:2)
  3 frilled lizards
  5 goblins
  4 goblin simulacra (Ossuary)
  4 goblin zombies (Ossuary)
  6 hobgoblin zombies (Ossuary)
  6 kobolds
  A kobold simulacrum (Ossuary)
  5 kobold zombies (Ossuary)
  3 orc zombies (Ossuary)
  2 rats
  5 rat simulacra (Ossuary)
  2 spectral goblins (Ossuary)
  A spectral kobold (Ossuary)
  4 spectral rats (Ossuary)
179 creatures vanquished.

Vanquished Creatures (collateral kills)
  A wight (D:7)
  A jelly (D:7)
  A sleepcap (D:6)
3 creatures vanquished.

Vanquished Creatures (others)
  An ancestor (D:7)
1 creature vanquished.

Grand Total: 183 creatures vanquished

Notes
Turn   | Place    | Note
-------+----------+-------------------------------------------
     0 | D:1      | LeprechaunX the Octopode Shapeshifter began the quest for
                  | the Orb.
     0 | D:1      | Reached XP level 1. HP: 13/13 MP: 1/1
   158 | D:1      | Reached XP level 2. HP: 18/18 MP: 2/2
   546 | D:1      | Found a faded altar of an unknown god.
   553 | D:1      | Reached XP level 3. HP: 18/23 MP: 3/3
  1111 | D:2      | Reached XP level 4. HP: 28/29 MP: 4/4
  1245 | D:2      | Upgraded the game from 0.31-a0-691-g409c26aa35 to
                  | 0.31-a0-700-gf13585253f
  1423 | D:2      | Found a runed translucent door.
  1424 | D:2      | Noticed Crazy Yiuf
  1567 | D:3      | Found Raishey's Armour Emporium.
  2041 | D:3      | Noticed Jessica
  2048 | D:3      | Killed Jessica
  2049 | D:3      | Reached skill level 4 in Shapeshifting
  2049 | D:3      | Reached XP level 5. HP: 32/34 MP: 5/5
  2074 | D:3      | Noticed Grinder
  2079 | D:3      | Paralysed by Grinder for 4 turns
  2091 | D:3      | Killed Grinder
  2092 | D:3      | Reached XP level 6. HP: 8/41 MP: 6/6
  2822 | D:4      | Found a glowing golden altar of the Shining One.
  2908 | D:4      | Reached skill level 5 in Shapeshifting
  2908 | D:4      | Reached XP level 7. HP: 34/46 MP: 7/7
  3481 | D:4      | Found a broken altar of Ashenzari.
  3481 | D:4      | Found an iron altar of Okawaru.
  3639 | D:5      | Entered Level 5 of the Dungeon
  3974 | D:5      | Reached skill level 1 in Ranged Weapons
  4038 | D:5      | Found a staircase to the Ecumenical Temple.
  4076 | Temple   | Entered the Ecumenical Temple
  4084 | Temple   | Became a worshipper of Hepliaklqana the Forgotten
  4233 | D:5      | Reached XP level 8. HP: 52/54 MP: 8/8
  4729 | D:5      | Reached skill level 5 in Unarmed Combat
  4729 | D:5      | Reached skill level 6 in Shapeshifting
  5152 | D:5      | Identified the ring "Roschahi" {rF+ rC+ Will++ Int-2
                  | Stlth+}
  5302 | D:6      | Found a sand-covered staircase.
  5309 | Ossuary  | Entered an ossuary
  5788 | D:6      | Noticed Edmund
  5795 | D:6      | Killed Edmund
  6418 | D:6      | Reached skill level 7 in Shapeshifting
  6467 | D:6      | Reached XP level 9. HP: 60/60 MP: 9/9
  6513 | D:6      | Reached * piety under Hepliaklqana
  6539 | D:6      | Reached skill level 5 in Fighting
  6614 | D:6      | Found an ancient bone altar of Kikubaaqudgha.
  7459 | D:7      | Reached skill level 8 in Shapeshifting
  7465 | D:7      | Killed from afar by an orc priest

Illustrated notes

Levels and vault maps discovered:
D:1:      dpeg_arrival_boxorama, layout_basic,
          shapermc_ecumenical_altar_mp_highgroup,
          chequers_serial_rivers_micro_d, minmay_small_reverse_x
D:2:      layout_basic, grunt_decor_fettered, grunt_ministairs_11,
          uniq_crazy_yiuf_cottage
D:3:      layout_basic, serial_shops, nicolae_shop_tiny_real_fake_doors,
          uniq_grinder, uniq_jessica
D:4:      layout_basic, gammafunk_temple_overflow_elements, old_standard_altar
D:5:      layout_basic, temple_statues, grunt_ministairs_5,
          minmay_increasing_density
D:6:      layout_loops_ring, kiku_gazebo_pond_becter,
          chequers_ossuary_entry_cave, minmay_circle_x, uniq_edmund
D:7:      layout_basic
Temple:   nicolae_temple_two_arcs

Skill      XL: |  1  2  3  4  5  6  7  8  9 |
---------------+----------------------------+-----
Fighting       | 2 3 4 5 |  5.0
Shapeshifting  | 4 5 7 8 |  8.0
Dodging        | 3 4 |  4.0
Unarmed Combat | 4 5 6 |  6.5
Ranged Weapons | 1 3 |  3.0

Action                     |  1- 3 |  4- 6 |  7- 9 || total
---------------------------+-------+-------+-------++-------
  Melee: Unarmed           |    59 |    67 |   211 ||   337
         Constrict         |    14 |    13 |    47 ||    74
         Tentacles         |    11 |    13 |    41 ||    65
         Punch             |     1 |     3 |     8 ||    12
   Fire: Shortbow          |       |       |    73 ||    73
  Evoke: Wand              |       |       |     2 ||     2
    Use: Scroll            |       |       |     1 ||     1
   Stab: Sleeping          |     5 |     5 |    20 ||    30
         Distracted        |       |       |     1 ||     1
 Armour: Skin              |    25 |    24 |    91 ||   140
  Dodge: Dodged            |    28 |    42 |   100 ||   170

Table legend: (Time is in decaauts)
 A = Elapsed time spent in this place.
 B = Non-inter-level travel time spent in this place.
 C = Inter-level travel time spent in this place.
 D = Time resting spent in this place.
 E = Time spent auto-exploring this place.
 F = Levels seen in this place.
 G = Mean time per level.
                   A        B        C        D        E       F      G
               +--------+--------+--------+--------+--------+-----+--------+
         Total |   7442 |   7237 |    205 |   1039 |   4915 |   9 |  826.9 |
       Dungeon |   7020 |   6829 |    191 |   1039 |   4850 |   7 | 1002.9 |
        Temple |     16 |      2 |     14 |      0 |      0 |   1 |   16.0 |
       Ossuary |    405 |    405 |      0 |      0 |     65 |   1 |  405.0 |
               +--------+--------+--------+--------+--------+-----+--------+

Top non-repeatable levels by time:
     D:5: 1653 daAuts
     D:6: 1452 daAuts
     D:4: 1174 daAuts
     D:2: 932 daAuts
     D:3: 914 daAuts
     D:1: 608 daAuts
 Ossuary: 405 daAuts
     D:7: 283 daAuts
  Temple: 16 daAuts
